 Dungeon Crawl Stone Soup version 0.25.1-2-g60ff931df9 (webtiles) character file.

Game seed: 1629933575390045221

160855 gruber the Fighter (level 17, -5/136 HPs)
             Began as a Gnoll Skald on Sept 6, 2020.
             Was an Initiate of Gozag.
             Slain by a naga warrior
             ... wielding a +2 vorpal flail
              (6 damage)
             ... on level 3 of the Snake Pit on Sept 7, 2020.
             The game lasted 00:55:29 (41166 turns).

gruber the Fighter (Gnoll Skald)                   Turns: 41166, Time: 00:55:29

Health: -5/136     AC: 21    Str: 20    XL:     17   Next: 77%
Magic:  9/33       EV: 25    Int: 23    God:    Gozag
Gold:   6007       SH: 19    Dex: 16    Spells: 32/40 levels left

rFire    . . .     SeeInvis .   G - +5 falchion of Ash {freeze, Str+6 Int-3 Dex+2}
rCold    . . .     Gourm    .   P - +1 kite shield {AC+3}
rNeg     . . .     Faith    .   C - +0 steam dragon scales
rPois    +         Spirit   .   F - +0 helmet
rElec    .         Reflect  +   b - +2 cloak {rPois}
rCorr    .         Harm     .   s - +3 pair of gauntlets of War {Slay+5}
MR       +++..                  k - +0 pair of boots
Stlth    +++++.....             M - amulet of reflection
HPRegen  0.32/turn              w - +4 ring of evasion
MPRegen  0.23/turn              n - ring of the Mage {Wiz MR++ Int+3}

@: infused (expiring), berserk cooldown, slowed, studying Fighting, very slow
A: distributed training, fangs 1, strong nose
a: Potion Petition, Call Merchant, Bribe Branch, Renounce Religion


You were on level 3 of the Snake Pit.
You worshipped Gozag.
Gozag was greatly pleased with you.
You were not hungry.

You visited 5 branches of the dungeon, and saw 27 of its levels.
You also visited: Sewer.

You collected 11715 gold pieces.
You spent 3593 gold pieces at shops.
You paid 2115 gold pieces to Gozag.

Inventory:

Hand Weapons
 G - the +5 falchion of Ash (weapon) {freeze, Str+6 Int-3 Dex+2}
   (You bought it in a shop on level 2 of the Orcish Mines)

   It has been specially enchanted to freeze those struck by it, causing extra
   injury to most foes and up to half again as much damage against particularly
   susceptible opponents.
   It can also slow down cold-blooded creatures.
   It affects your strength (+6).
   It affects your intelligence (-3).
   It affects your dexterity (+2).
Missiles
 t - 83 poisoned darts (quivered)
 X - a throwing net
Armour
 b - a +2 cloak of poison resistance (worn)
 k - a +0 pair of boots (worn)
 s - the +3 pair of gauntlets of War (worn) {Slay+5}
   (You found it on level 4 of the Dungeon)

   It affects your accuracy and damage with ranged weapons and melee attacks
   (+5).
 C - +0 steam dragon scales (worn)
 F - a +0 helmet (worn)
 P - a +1 kite shield of protection (worn)
Jewellery
 n - the ring of the Mage (right hand) {Wiz MR++ Int+3}
   (You bought it in a shop on level 2 of the Snake Pit)

   [ring of wizardry]

   It improves your spell success rate.
   It affects your intelligence (+3).
   It affects your resistance to hostile enchantments.
 r - an uncursed ring of ice
 w - a +4 ring of evasion (left hand)
 x - an uncursed ring of resist corrosion
 A - an uncursed ring of see invisible
 B - an uncursed ring of fire
 M - an amulet of reflection (around neck)
Wands
 a - a wand of digging (18)
 g - a wand of flame (61)
 j - a wand of enslavement (16)
 p - a wand of disintegration (51)
 v - a wand of acid (14)
 K - a wand of random effects (46)
 N - a wand of polymorph (46)
 T - a wand of clouds (2)
 V - a wand of paralysis (8)
Scrolls
 c - 6 scrolls of remove curse {unknown}
 e - 6 scrolls of teleportation
 f - 6 scrolls of enchant weapon {unknown}
 m - 5 scrolls of fog
 q - 8 scrolls of immolation
 u - 4 scrolls of blinking
 y - 2 scrolls of vulnerability
 H - a scroll of magic mapping
 L - 9 scrolls of amnesia
 S - a scroll of holy word
 U - a scroll of fear
 Z - 4 scrolls of identify
Potions
 h - 3 potions of might
 i - 9 potions of stabbing
 l - 6 potions of curing
 o - 3 potions of invisibility
 D - 4 potions of berserk rage
 E - 2 potions of haste
 I - 2 potions of magic
 J - 2 potions of heal wounds {unknown}
 O - a potion of brilliance
 Q - 3 potions of lignification
 W - 4 potions of resistance
 Y - 2 potions of cancellation {unknown}
Books
 z - a manual of Fighting
Miscellaneous
 R - a phial of floods
Comestibles
 d - 20 rations


   Skills:
 + Level 13.1 Fighting
 + Level 11.5 Short Blades
 + Level 11.5 Long Blades
 + Level 11.5 Axes
 + Level 11.5 Maces & Flails
 + Level 12.3 Polearms
 + Level 11.5 Staves
 + Level 11.5 Slings
 + Level 11.5 Bows
 + Level 11.5 Crossbows
 + Level 11.5 Throwing
 + Level 11.8 Armour
 + Level 12.3 Dodging
 + Level 11.5 Stealth
 + Level 11.5 Shields
 + Level 11.5 Unarmed Combat
 + Level 12.4 Spellcasting
 + Level 9.9 Conjurations
 + Level 9.9 Hexes
 + Level 11.2 Charms
 + Level 9.9 Summonings
 + Level 9.9 Necromancy
 + Level 9.9 Translocations
 + Level 9.9 Transmutations
 + Level 9.9 Fire Magic
 + Level 9.9 Ice Magic
 + Level 9.9 Air Magic
 + Level 9.9 Earth Magic
 + Level 9.9 Poison Magic
 + Level 12.4 Invocations
 + Level 11.5 Evocations


You had 32 spell levels left.
You knew the following spells:

 Your Spells              Type           Power        Failure   Level  Hunger
a - Infusion              Chrm           ####         1%          1    None
b - Song of Slaying       Chrm           ######..     1%          2    None
c - Shroud of Golubria    Chrm/Tloc      ######       1%          2    None
d - Spectral Weapon       Hex/Chrm       ######..     1%          3    None

Your spell library contained the following spells:

 Spells                   Type           Power        Failure   Level  Hunger
 Animate Skeleton         Necr           N/A          1%          1    None
 Apportation              Tloc           ######       1%          1    None
 Corona                   Hex            ######.      1%          1    None
 Summon Butterflies       Summ           ######..     1%          1    None
 Summon Small Mammal      Summ           ####         1%          1    None
 Call Canine Familiar     Summ           ######..     1%          3    None
 Ozocubu's Armour         Chrm/Ice       ######..     1%          3    None
 Summon Ice Beast         Ice/Summ       ######..     1%          4    None
 Bolt of Magma            Conj/Fire/Erth ######....   1%          5    ###....
 Iskenderun's Battlesphe  Conj/Chrm      ######..     1%          5    ###....
 Summon Mana Viper        Hex/Summ       ######..     1%          5    ###....
 Iron Shot                Conj/Erth      ######....   8%          6    #####..
 Orb of Destruction       Conj           ######....   36%         7    ######.
 Spellforged Servitor     Conj/Summ      ######....   36%         7    ######.
 Summon Hydra             Summ           ######....   36%         7    ######.


Dungeon Overview and Level Annotations

Branches:
Dungeon (15/15)            Temple (1/1) D:5            Lair (6/6) D:10
  Swamp (0/4) Lair:4        Snake (3/4) Lair:4        Slime (0/5) Lair:6
    Orc (2/2) D:9             Elf (0/3) Orc:2        Vaults (0/5) D:14
 Depths (0/5) D:15          Sewer (visited)

Altars:
Ashenzari
Cheibriados
Dithmenos
Elyvilon
Fedhas
Gozag
Hepliaklqana
Kikubaaqudgha
Makhleb
Nemelex Xobeh
Okawaru
Qazlal
Ru
Sif Muna
Trog
Uskayaw
Vehumet
Wu Jian
Xom
Yredelemnul
Zin
The Shining One

Shops:
D:13 =   D:15 (   Orc:2 ([:?:   Snake:2 =

Annotations:
D:14 Roxanne
Lair:1 1 runed translucent door, Irchot's ghost, novice FeWz
Lair:5 exclusion: oklob plant


Innate Abilities, Weirdness & Mutations

Your experience applies equally to all skills.
You have very sharp teeth.
Your uncanny sense of smell can sniff out nearby items.


Message History

Your spectral weapon hits the naga warrior!
Your spectral weapon freezes the naga warrior.
You barely miss the naga warrior. You bite the naga warrior.
The naga warrior is heavily wounded.
The naga is no longer distracted by gold.
Your spectral weapon hits the naga warrior.
Your spectral weapon freezes the naga warrior.
The naga warrior spits poison at you. The splash of poison misses you.
You block the naga warrior's attack. x2
You block the naga's attack. The naga completely misses you.
Unknown command.
Unknown command.
You hit the naga warrior. You freeze the naga warrior.
The naga warrior is heavily wounded.
Your spectral weapon hits the naga warrior.
Your spectral weapon freezes the naga warrior.
The naga warrior hits you with a +2 vorpal flail!!
* * * LOW HITPOINT WARNING * * *
You die...
Your body crumbles into a pile of gold.

##. .. #.##
#############. ##..#
#.#............. ...#
..#.#............. #.#
...'............. +..
#.N$.......... #.#
#.N@.............#.#
#..(...$.........#.#
#...$.$###### ..##.#
.#...$$.## #.##.#
........%..# #.##.#
...........# #.##.#
####.......#######..#.#
....................#
######....########.###


You could see a naga warrior (catching breath), a naga (poisoned) and a friendly
spectral +5 falchion of Ash {freeze, Str+6 Int-3 Dex+2}.

Vanquished Creatures
  Nikola (Snake:3)
  Jorgrun (Orc:1)
  Rupert (Lair:4)
  Agnes (Snake:1)
  3 nagarajas (Snake:2)
  A stone giant (Orc:2)
  Nessos (Lair:4)
  Snorg (Orc:2)
  Josephine (D:14)
  A rakshasa (D:13)
  3 vault guards
  Harold (D:7)
  2 fire dragons (D:15)
  7 hydras
  2 centaur warriors
  14 death yaks
  10 anacondas
  Erica (Orc:1)
  5 catoblepae
  6 naga warriors
  16 two-headed ogres
  5 ogre magi
  4 shock serpents
  A deep elf knight (D:14)
  5 naga sharpshooters
  A swamp dragon (shapeshifter) (D:15)
  An unseen horror (D:13)
  A deep elf archer (D:14)
  A flayed ghost (D:13)
  A lindwurm (Lair:6)
  2 orc knights (D:14)
  3 naga ritualists
  9 mana vipers
  An orb spider (shapeshifter) (D:15)
  2 cyclopes
  A deep elf mage (D:13)
  An orc sorcerer (Orc:2)
  4 salamanders
  11 ugly things
  2 manticores (Lair:6)
  19 elephants
  3 centaur zombies
  3 guardian serpents (Snake:3)
  22 black mambas
  Maurice (D:8)
  Joseph (D:7)
  10 naga magi
  17 spiny frogs
  9 komodo dragons
  A kobold demonologist (D:12)
  8 rime drakes
  A freezing wraith (D:14)
  Maggie (D:6)
  A yaktaur (D:14)
  A tengu conjurer (D:13)
  3 polar bears
  3 meliai (D:14)
  Prince Ribbit (D:7)
  6 trolls
  13 blink frogs
  A hornet (D:9)
  6 slime creatures
  16 hippogriffs
  8 dream sheep
  Sigmund (D:3)
  10 wyverns
  8 basilisks
  4 water elementals (D:12)
  3 wraiths (D:14)
  Grum (D:9)
  A golden eye (shapeshifter) (D:15)
  53 yaks
  2 hungry ghosts
  5 vampire mosquitoes
  A steam dragon (D:11)
  4 wargs
  An acid dragon (D:13)
  Edmund (D:4)
  31 nagas
  16 water moccasins
  2 soldier ants
  2 hell hounds (Lair:4)
  7 porcupines
  Purgy (Sewer)
  10 sky beasts
  2 black bears
  16 orc warriors
  3 ice beasts
  36 ogres
  3 phantoms
  3 wolves (D:9)
  5 centaurs
  7 big kobolds
  7 crocodiles
  12 bullfrogs
  A water moccasin zombie (D:8)
  A gnoll sergeant (D:8)
  7 killer bees
  3 scorpions
  7 wights
  A howler monkey (D:11)
  10 crimson imps
  4 bullfrog zombies
  2 quasits
  12 jellies
  19 orc priests
  8 hounds
  9 centaur skeletons
  5 iguanas
  Ijyb (D:3)
  Terence (D:3)
  20 orc wizards
  10 worker ants
  A worker ant zombie (D:10)
  7 gnolls
  10 adders
  2 river rats (D:6)
  3 shadow imps
  3 oozes
  3 adder skeletons
  3 worms
  2 dart slugs (D:1)
  8 leopard geckos
  79 orcs
  10 giant cockroaches
  16 goblins
  4 hobgoblins
  9 jackals
  30 kobolds
  3 quokkas
  4 ball pythons
  9 bats
  6 frilled lizards
  2 jackal zombies
  A quokka zombie (D:5)
  6 rats
  3 fungi (Lair:6)
  A plant (D:10)
  A spectral weapon (Orc:2)
895 creatures vanquished.

Vanquished Creatures (collateral kills)
  A death yak (Lair:6)
  An orc sorcerer (D:14)
  A basilisk (Lair:4)
3 creatures vanquished.

Vanquished Creatures (others)
  A komodo dragon (Lair:6)
  15 fungi
  13 plants
  39 spectral weapons
68 creatures vanquished.

Grand Total: 966 creatures vanquished

Notes
Turn   | Place    | Note
-------+----------+-------------------------------------------
     0 | D:1      | gruber the Gnoll Skald began the quest for the Orb.
     0 | D:1      | Reached XP level 1. HP: 20/20 MP: 6/6
   325 | D:1      | Reached XP level 2. HP: 26/26 MP: 7/7
   762 | D:1      | Reached XP level 3. HP: 31/31 MP: 9/9
  1034 | D:1      | Reached skill level 5 in Spellcasting
  1405 | D:2      | Reached skill level 1 in Invocations
  1505 | D:2      | Learned a level 2 spell: Song of Slaying
  1508 | D:2      | Learned a level 2 spell: Shroud of Golubria
  1512 | D:2      | Learned a level 3 spell: Spectral Weapon
  1606 | D:2      | Found a glowing silver altar of Zin.
  1632 | D:2      | Found a basalt altar of Yredelemnul.
  1642 | D:2      | Reached skill level 1 in Short Blades
  1642 | D:2      | Reached skill level 1 in Long Blades
  1642 | D:2      | Reached skill level 1 in Axes
  1642 | D:2      | Reached skill level 1 in Maces & Flails
  1642 | D:2      | Reached skill level 1 in Staves
  1642 | D:2      | Reached skill level 1 in Slings
  1642 | D:2      | Reached skill level 1 in Bows
  1642 | D:2      | Reached skill level 1 in Crossbows
  1642 | D:2      | Reached skill level 1 in Throwing
  1642 | D:2      | Reached skill level 1 in Stealth
  1642 | D:2      | Reached skill level 1 in Shields
  1642 | D:2      | Reached skill level 1 in Unarmed Combat
  1642 | D:2      | Reached skill level 1 in Evocations
  1670 | D:2      | Found a shimmering blue altar of Sif Muna.
  1670 | D:2      | Found a hide-covered altar of Uskayaw.
  1671 | D:2      | Found a sacrificial altar of Ru.
  1674 | D:2      | Found a radiant altar of Vehumet.
  1851 | D:2      | Reached XP level 4. HP: 38/38 MP: 11/11
  2064 | D:3      | Noticed Terence
  2076 | D:3      | Killed Terence
  2235 | D:3      | Reached skill level 1 in Conjurations
  2235 | D:3      | Reached skill level 1 in Hexes
  2235 | D:3      | Reached skill level 1 in Summonings
  2235 | D:3      | Reached skill level 1 in Necromancy
  2235 | D:3      | Reached skill level 1 in Translocations
  2235 | D:3      | Reached skill level 1 in Transmutations
  2235 | D:3      | Reached skill level 1 in Fire Magic
  2235 | D:3      | Reached skill level 1 in Ice Magic
  2235 | D:3      | Reached skill level 1 in Air Magic
  2235 | D:3      | Reached skill level 1 in Earth Magic
  2235 | D:3      | Reached skill level 1 in Poison Magic
  2304 | D:3      | Noticed Ijyb
  2352 | D:3      | Killed Ijyb
  2352 | D:3      | Reached XP level 5. HP: 17/43 MP: 2/12
  3485 | D:3      | Noticed Sigmund
  3513 | D:3      | Killed Sigmund
  3513 | D:3      | Reached skill level 5 in Fighting
  3513 | D:3      | Reached skill level 5 in Polearms
  3513 | D:3      | Reached skill level 5 in Dodging
  3513 | D:3      | Reached XP level 6. HP: 42/51 MP: 2/14
  3795 | D:3      | Found a bloodstained altar of Trog.
  3880 | D:3      | Found a shadowy altar of Dithmenos.
  3881 | D:3      | Found an ornate altar of the Wu Jian Council.
  4367 | D:4      | Found the +3 pair of gauntlets of War {Slay+5}
  4380 | D:4      | Reached XP level 7. HP: 27/56 MP: 5/15
  4628 | D:4      | Found a shimmering altar of Xom.
  4738 | D:4      | Found an iron altar of Okawaru.
  4887 | D:4      | Noticed Edmund
  4904 | D:4      | Killed Edmund
  5326 | D:5      | Entered Level 5 of the Dungeon
  5438 | D:5      | Found a staircase to the Ecumenical Temple.
  5482 | Temple   | Entered the Ecumenical Temple
  5925 | D:5      | Reached XP level 8. HP: 60/63 MP: 16/16
  6545 | D:6      | Found a glowing drain.
  6553 | Sewer    | Entered a sewer
  6659 | Sewer    | Noticed Purgy
  6672 | Sewer    | Killed Purgy
  6997 | D:6      | Found a hide-covered altar of Uskayaw.
  7281 | D:6      | Noticed Maggie
  7292 | D:6      | Killed Maggie
  7292 | D:6      | Reached skill level 6 in Fighting
  7292 | D:6      | Reached XP level 9. HP: 62/69 MP: 15/18
  7473 | D:7      | Found an opulent altar of Gozag.
  7499 | D:7      | Became a worshipper of Gozag Ym Sagoz the Greedy
  7561 | D:7      | Found a sparkling altar of Nemelex Xobeh.
  7652 | D:7      | Reached skill level 5 in Armour
  7804 | D:7      | Noticed Harold
  7816 | D:7      | Killed Harold
  7816 | D:7      | Reached skill level 5 in Invocations
  7961 | D:7      | Noticed Prince Ribbit
  7974 | D:7      | Killed Prince Ribbit
  7974 | D:7      | Reached XP level 10. HP: 72/77 MP: 17/20
  8231 | D:7      | Noticed Joseph
  8250 | D:7      | Killed Joseph
  8298 | D:7      | Reached skill level 5 in Short Blades
  8298 | D:7      | Reached skill level 5 in Long Blades
  8298 | D:7      | Reached skill level 5 in Axes
  8298 | D:7      | Reached skill level 5 in Maces & Flails
  8298 | D:7      | Reached skill level 5 in Staves
  8298 | D:7      | Reached skill level 5 in Slings
  8298 | D:7      | Reached skill level 5 in Bows
  8298 | D:7      | Reached skill level 5 in Crossbows
  8298 | D:7      | Reached skill level 5 in Throwing
  8298 | D:7      | Reached skill level 5 in Stealth
  8298 | D:7      | Reached skill level 5 in Shields
  8298 | D:7      | Reached skill level 5 in Unarmed Combat
  8298 | D:7      | Reached skill level 5 in Evocations
  8609 | D:8      | Noticed a two-headed ogre
  8612 | D:8      | Reached skill level 7 in Fighting
  8968 | D:8      | Noticed Maurice
  8968 | D:8      | Noticed a two-headed ogre
  8990 | D:8      | Killed a two-headed ogre
  9001 | D:8      | Killed Maurice
  9137 | D:8      | Killed a two-headed ogre
  9137 | D:8      | Reached XP level 11. HP: 46/84 MP: 19/22
  9730 | D:9      | Got a jasper-studded scale mail
  9731 | D:9      | Identified the +0 scale mail of Shadows and Fog {*Contam
                  | rElec Dex+7} (You found it on level 9 of the Dungeon)
  9921 | D:9      | Noticed a three-headed hydra
  9930 | D:9      | Killed a three-headed hydra
  9930 | D:9      | Reached skill level 5 in Conjurations
  9930 | D:9      | Reached skill level 5 in Hexes
  9930 | D:9      | Reached skill level 5 in Summonings
  9930 | D:9      | Reached skill level 5 in Necromancy
  9930 | D:9      | Reached skill level 5 in Translocations
  9930 | D:9      | Reached skill level 5 in Transmutations
  9930 | D:9      | Reached skill level 5 in Fire Magic
  9930 | D:9      | Reached skill level 5 in Ice Magic
  9930 | D:9      | Reached skill level 5 in Air Magic
  9930 | D:9      | Reached skill level 5 in Earth Magic
  9930 | D:9      | Reached skill level 5 in Poison Magic
 10340 | D:9      | Found a staircase to the Orcish Mines.
 10752 | D:9      | Noticed Grum
 10759 | D:9      | Killed Grum
 11273 | D:10     | Entered Level 10 of the Dungeon
 11276 | D:10     | Found an ancient bone altar of Kikubaaqudgha.
 11462 | D:10     | Found a staircase to the Lair.
 11559 | D:10     | Reached skill level 8 in Fighting
 12579 | D:11     | Reached XP level 12. HP: 93/93 MP: 20/24
 13543 | D:12     | HP: 3/94 [water elemental (15)]
 14807 | D:13     | Got a steaming executioner's axe
 14808 | D:13     | Identified the cursed +1 executioner's axe of Ufavilomo
                  | {vamp, Fragile rN+++} (You found it on level 13 of the
                  | Dungeon)
 14991 | D:13     | Noticed a seven-headed hydra
 15336 | D:13     | Killed a seven-headed hydra
 15403 | D:13     | Noticed a centaur warrior
 15419 | D:13     | Killed a centaur warrior
 15704 | D:13     | Reached skill level 9 in Fighting
 15998 | D:13     | Reached XP level 13. HP: 75/101 MP: 23/26
 16742 | D:13     | Found Boass's Jewellery Boutique.
 16825 | D:13     | Noticed a rakshasa
 16842 | D:13     | Killed a rakshasa
 17574 | Lair:1   | Entered Level 1 of the Lair of Beasts
 18648 | Lair:1   | Found a runed translucent door.
 18650 | Lair:1   | Noticed Irchot's ghost (novice FeWz)
 21375 | Lair:4   | Noticed Rupert
 21388 | Lair:4   | Killed Rupert
 21484 | Lair:4   | Found a staircase to the Swamp.
 21570 | Lair:4   | Reached skill level 10 in Spellcasting
 21708 | Lair:4   | Reached XP level 14. HP: 56/109 MP: 25/28
 22049 | Lair:4   | Noticed Nessos
 22135 | Lair:4   | Killed Nessos
 22494 | Lair:4   | Found a staircase to the Snake Pit.
 22645 | Lair:4   | Reached skill level 10 in Fighting
 22645 | Lair:4   | Reached skill level 10 in Polearms
 22645 | Lair:4   | Reached skill level 10 in Dodging
 22650 | Lair:4   | HP: 5/110 [wyvern (6)]
 24903 | Lair:5   | Reached skill level 10 in Invocations
 25665 | Lair:6   | Entered Level 6 of the Lair of Beasts
 26128 | Lair:6   | Reached XP level 15. HP: 95/117 MP: 29/29
 26499 | Lair:6   | Reached skill level 10 in Armour
 26593 | Lair:6   | Found a staircase to the Slime Pits.
 27876 | Lair:6   | Reached skill level 10 in Charms
 28190 | Lair:6   | Reached skill level 10 in Short Blades
 28190 | Lair:6   | Reached skill level 10 in Long Blades
 28190 | Lair:6   | Reached skill level 10 in Axes
 28190 | Lair:6   | Reached skill level 10 in Maces & Flails
 28190 | Lair:6   | Reached skill level 10 in Staves
 28190 | Lair:6   | Reached skill level 10 in Slings
 28190 | Lair:6   | Reached skill level 10 in Bows
 28190 | Lair:6   | Reached skill level 10 in Crossbows
 28190 | Lair:6   | Reached skill level 10 in Throwing
 28190 | Lair:6   | Reached skill level 10 in Stealth
 28190 | Lair:6   | Reached skill level 10 in Shields
 28190 | Lair:6   | Reached skill level 10 in Unarmed Combat
 28190 | Lair:6   | Reached skill level 10 in Evocations
 28220 | Lair:6   | Got a twisted falchion
 28221 | Lair:6   | Identified the +1 falchion "Medugoun" {vorpal, rN+ SInv}
                  | (You found it on level 6 of the Lair of Beasts)
 28771 | Orc:1    | Entered Level 1 of the Orcish Mines
 28771 | Orc:1    | Noticed Jorgrun
 29472 | D:14     | Reached skill level 11 in Fighting
 29489 | D:14     | Identified the +10 quarterstaff of Yrett {protect, Fragile
                  | Dex+3}
 29901 | D:14     | Noticed Josephine
 29928 | D:14     | Killed Josephine
 30200 | D:14     | Identified a scroll of acquirement
 30202 | D:14     | Acquired 630 gold pieces
 30232 | D:14     | Noticed Roxanne
 31458 | D:14     | Found a gate to the Vaults.
 31625 | D:14     | Reached XP level 16. HP: 104/125 MP: 28/31
 31918 | D:15     | Entered Level 15 of the Dungeon
 32176 | D:15     | Found Awusopt's Weapon Boutique.
 32892 | D:15     | Found a staircase to the Depths.
 33191 | D:15     | Found a blossoming altar of Fedhas.
 33422 | Orc:1    | Noticed Erica
 33456 | Orc:1    | Killed Erica
 33903 | Orc:1    | Killed Jorgrun
 34316 | Orc:2    | Entered Level 2 of the Orcish Mines
 34711 | Orc:2    | Found Zeziogaf's Book Emporium.
 34733 | Orc:2    | Bought a manual of Fighting for 1876 gold pieces
 35157 | Orc:2    | Found a staircase to the Elven Halls.
 35163 | Orc:2    | Noticed Snorg
 35173 | Orc:2    | Killed Snorg
 35732 | Orc:2    | Found Cydysual's Antique Weapon Shop.
 35732 | Orc:2    | Found Tyt Anko's Book Shoppe.
 35734 | Orc:2    | Found Vekugahiu's Armour Shoppe.
 35734 | Orc:2    | Found Nuorei's Magic Scroll Boutique.
 35741 | Orc:2    | Bought a transparent falchion for 168 gold pieces
 35743 | Orc:2    | Bought a scroll of identify for 26 gold pieces
 35743 | Orc:2    | Bought a scroll of identify for 26 gold pieces
 35743 | Orc:2    | Bought a scroll of identify for 26 gold pieces
 35743 | Orc:2    | Bought a scroll of blinking for 97 gold pieces
 35743 | Orc:2    | Identified the +5 falchion of Ash {freeze, Str+6 Int-3
                  | Dex+2} (You bought it in a shop on level 2 of the Orcish
                  | Mines)
 35748 | Orc:2    | Bought a +2 cloak of poison resistance for 296 gold pieces
 35748 | Orc:2    | Bought a +1 kite shield of protection for 264 gold pieces
 36281 | Snake:1  | Entered Level 1 of the Snake Pit
 36378 | Snake:1  | Noticed Agnes
 36394 | Snake:1  | Killed Agnes
 36394 | Snake:1  | Reached skill level 12 in Fighting
 37372 | Snake:1  | Reached XP level 17. HP: 28/133 MP: 30/33
 37742 | Snake:1  | You fall into a shaft and drop 1 floor!
 39209 | Snake:2  | Found Digeap Wos's Jewellery Boutique.
 39614 | Snake:2  | Bought a cursed ring of teleportation for 63 gold pieces
 39614 | Snake:2  | Bought a cursed amulet of inaccuracy for 28 gold pieces
 39614 | Snake:2  | Bought the ring of the Mage {Wiz MR++ Int+3} for 723 gold
                  | pieces
 39614 | Snake:2  | Found the ring of the Mage {Wiz MR++ Int+3}
 40944 | Snake:3  | Reached skill level 13 in Fighting
 41071 | Snake:3  | Noticed Nikola
 41092 | Snake:3  | Killed Nikola
 41134 | Snake:3  | HP: 4/136 [anaconda (13)]
 41166 | Snake:3  | HP: 1/136 [naga warrior/+2 vorpal flail (21)]
 41166 | Snake:3  | Slain by a naga warrior

Illustrated notes

Levels and vault maps discovered:
D:1:      tarquinn_simple_flora_water_c, layout_basic,
          hangedman_abyss_or_decor_lesser_grid, minmay_misc_feat_hallway
D:2:      layout_loops_ring, minitemple
D:3:      kennysheep_the_goblin_king, layout_loops_ring,
          gammafunk_temple_overflow_statue, serial_co_window_serial,
          co_window_of_opportunity_a, co_window_paths_b, co_window_paths_a,
          co_window_paths_a, co_window_paths_a, co_window_of_opportunity_b,
          co_window_paths_c, co_window_corner_b, co_window_corner_b,
          bloody_trog, uniq_terence, uniq_sigmund
D:4:      layout_loops_ring, lemuel_crystal_altar, okawaru_trees_2,
          first_ration, uniq_edmund
D:5:      layout_gridville, minmay_temple_entry_arrows, uniq_ijyb
D:6:      layout_loops_corners, basic_altar, portal_sewer_entry_a,
          corexii_corridor_pit, uniq_maggie
D:7:      layout_rooms, grunt_gozag_breadcrumbs,
          nemelex_xobeh_ov_fountains_minmay, minmay_misc_feat_more_columns,
          uniq_prince_ribbit1, uniq_harold, uniq_joseph
D:8:      layout_basic, uniq_maurice
D:9:      layout_stronghold, orc_0_dummy, hangedman_ranch
          [blue_anna_fruit_fields], uniq_grum
D:10:     layout_long_grid, david_lair_shrubbed, minmay_strange_pillars,
          minivault_25_ag, lemuel_altar_in_water
D:11:     layout_basic
D:12:     layout_rooms, enter_bailey_7, nicolae_underground_beach
D:13:     minmay_the_grid_plus_closed [minmay_the_grid_zigzag_pyramid,
          minmay_the_grid_large_cup, minmay_the_grid_square_x,
          minmay_the_grid_box_x, minmay_the_grid_prize_four_corners],
          layout_irregular_city, serial_shops, shop
D:14:     layout_loops_ring, grunt_vaults_entry_fortified, eino_jars,
          uniq_roxanne, uniq_josephine
D:15:     grunt_enter_depths_hoard, layout_stronghold, serial_shops,
          nicolae_shop_trees, amethyst_killhole, fedhas_altar_fruit_tree
Temple:   zaba_magenta_temple
Lair:1:   layout_regular_city, ebering_ghost_inner_flame, lemuel_fruit_tree,
          grunt_megastairs_1, infiniplex_staircase_pool_2
Lair:2:   layout_small_grid
Lair:3:   layout_loops_ring
Lair:4:   layout_misc_corridors, swamp_mist, guppyfry_snake_entry_garden,
          special_room [special_room_mythical_zoo], serial_bayou_shore_b,
          uniq_nessos, uniq_rupert
Lair:5:   layout_roguey, minmay_lair_oklob_chamber
Lair:6:   evilmike_catoblepas_cave, layout_regular_city,
          nicolae_slime_entry_slimehenge, wad_woods_03
Snake:1:  layout_gridlike, uniq_agnes
Snake:2:  layout_grid_maze, serial_shops, shop, nrook_loot_triangle,
          nicolae_snake_shapes
Snake:3:  layout_basic, uniq_nikola
Orc:1:    layout_caves, portal_ice_cave_rime, uniq_jorgrun, uniq_erica
Orc:2:    st_orc_ogre_mass, layout_diamond_mine, serial_shops, shop, uniq_snorg

Skill      XL: |  1  2  3  4  5  6  7  8  9 10 11 12 13 14 15 16 17 |
---------------+----------------------------------------------------+-----
Spellcasting   | 5 6 7 8 9 10 11 12 | 12.4
Invocations    | 1 2 3 4 5 6 7 8 9 10 11 12 | 12.4
Short Blades   | 1 2 3 4 5 6 7 8 9 10 11 | 11.5
Long Blades    | 1 2 3 4 5 6 7 8 9 10 11 | 11.5
Axes           | 1 2 3 4 5 6 7 8 9 10 11 | 11.5
Maces & Flails | 1 2 3 4 5 6 7 8 9 10 11 | 11.5
Staves         | 1 2 3 4 5 6 7 8 9 10 11 | 11.5
Slings         | 1 2 3 4 5 6 7 8 9 10 11 | 11.5
Bows           | 1 2 3 4 5 6 7 8 9 10 11 | 11.5
Crossbows      | 1 2 3 4 5 6 7 8 9 10 11 | 11.5
Throwing       | 1 2 3 4 5 6 7 8 9 10 11 | 11.5
Stealth        | 1 2 3 4 5 6 7 8 9 10 11 | 11.5
Shields        | 1 2 3 4 5 6 7 8 9 10 11 | 11.5
Unarmed Combat | 1 2 3 4 5 6 7 8 9 10 11 | 11.5
Evocations     | 1 2 3 4 5 6 7 8 9 10 11 | 11.5
Conjurations   | 1 2 3 4 5 6 7 8 9 |  9.9
Hexes          | 1 2 3 4 5 6 7 8 9 |  9.9
Summonings     | 1 2 3 4 5 6 7 8 9 |  9.9
Necromancy     | 1 2 3 4 5 6 7 8 9 |  9.9
Translocations | 1 2 3 4 5 6 7 8 9 |  9.9
Transmutations | 1 2 3 4 5 6 7 8 9 |  9.9
Fire Magic     | 1 2 3 4 5 6 7 8 9 |  9.9
Ice Magic      | 1 2 3 4 5 6 7 8 9 |  9.9
Air Magic      | 1 2 3 4 5 6 7 8 9 |  9.9
Earth Magic    | 1 2 3 4 5 6 7 8 9 |  9.9
Poison Magic   | 1 2 3 4 5 6 7 8 9 |  9.9
Armour         | 3 4 5 6 7 8 9 10 11 | 11.8
Fighting       | 5 6 7 8 9 10 11 12 13 | 13.1
Polearms       | 5 6 7 8 9 10 11 12 | 12.3
Dodging        | 5 6 7 8 9 10 11 12 | 12.3
Charms         | 6 7 8 9 10 11 | 11.2

Action                   |  1- 3 |  4- 6 |  7- 9 | 10-12 | 13-15 | 16-18 || total
-------------------------+-------+-------+-------+-------+-------+-------++-------
Melee: Spear             |   127 |   166 |    28 |       |       |       ||   321
       Bite              |     9 |    12 |    10 |    66 |   125 |   140 ||   362
       Flail             |       |       |   172 |    14 |       |       ||   186
       Punch             |       |       |     5 |    17 |    19 |       ||    41
       Trident           |       |       |       |   649 |  1104 |   341 ||  2094
       Falchion          |       |       |       |       |       |   511 ||   511
Throw: Dart              |       |       |     3 |       |    40 |     3 ||    46
 Cast: Infusion          |     8 |     8 |     3 |     8 |    13 |     5 ||    45
       Spectral Weapon   |       |    15 |    12 |    59 |    98 |    53 ||   237
       Song of Slaying   |       |     4 |       |    13 |    17 |    10 ||    44
       Shroud of Golubri |       |     4 |     2 |     9 |    14 |     3 ||    32
Invok: Potion Petition   |       |       |       |     1 |     2 |     3 ||     6
Evoke: Wand              |       |       |       |       |     6 |     2 ||     8
  Use: Scroll            |       |       |       |     4 |    15 |     9 ||    28
       Potion            |       |       |       |     2 |       |       ||     2
 Stab: Sleeping          |     1 |     2 |     5 |    29 |    27 |    13 ||    77
       Distracted        |       |     1 |     1 |     8 |    22 |    14 ||    46
       Invisible         |       |       |       |       |     1 |       ||     1
  Eat: Chunk             |     3 |     9 |    11 |       |       |       ||    23
       Ration            |       |       |       |     8 |    14 |    10 ||    32
Armor: Leather armour    |    11 |    18 |    44 |       |       |       ||    73
       Steam dragon scal |       |       |    12 |    96 |   145 |   105 ||   358
Dodge: Dodged            |    60 |    75 |   200 |   430 |   625 |   414 ||  1804
Block: Buckler           |       |       |       |       |    93 |    81 ||   174
       Kite shield       |       |       |       |       |       |   305 ||   305
       Reflection        |       |       |       |       |       |    17 ||    17
       Rpst.: Falchion   |       |       |       |       |       |    57 ||    57
